Description

(Pool F,ling,bane,ultraetc)G5

Build Order

Get SALT Encoding   

  12  0:00  Drone  
  13  0:12  Overlord  
  13  0:17  Drone  
  14  0:30  Drone x2  
  14  0:34  Drone  
  17  0:44  Extractor  
  17  0:45  Drone  
  17  0:49  Spawning Pool  
  16  0:57  Drone  
  17  1:07  Drone  
  18  1:18  Hatchery  
  18  1:20  Drone  
  18  1:27  Drone  
  19  1:36  Queen  
  21  1:41  Zergling x2  
  21  1:46  Metabolic Boost  
  22  1:52  Overlord  
  22  2:11  Queen, Drone  
  22  2:12  Drone  
  26  2:26  Drone  
  27  2:30  Queen  
  27  2:32  Drone  
  27  2:34  Overlord  
  30  2:42  Drone  
  30  2:43  Drone x2  
  33  2:47  Pneumatized Carapace  
  33  2:50  Drone  
  34  2:53  Zergling x2  
  34  2:54  Drone  
  36  3:03  Drone  
  37  3:10  Drone  
  38  3:13  Overlord  
  38  3:18  Drone  
  39  3:22  Drone x3  
  39  3:27  Drone  
  43  3:29  Hatchery  
  42  3:40  Queen x2  
  46  3:42  Drone x3  
  46  3:45  Drone x2  
  51  3:50  Extractor  
  51  3:53  Overlord  
  51  3:54  Overlord  
  50  3:56  Drone x2  
  52  4:09  Evolution Chamber x2  
  51  4:10  Drone x2  
  51  4:11  Drone x3  
  51  4:15  Drone  
  56  4:19  Overlord  
  56  4:22  Zergling x4  
  56  4:24  Zergling x6  
  61  4:28  Queen  
  63  4:32  Queen  
  63  4:37  Zerg Melee Weapons Level 1  
  65  4:39  Zergling x2  
  65  4:40  Zergling x2  
  65  4:44  Zerg Ground Armor Level 1  
  67  4:49  Baneling Nest  
  67  4:50  Zergling x4  
  68  4:53  Zergling x4  
  70  5:03  Zergling x2  
  70  5:04  Zergling x4  
  70  5:06  Queen, Drone x3  
  78  5:13  Zergling x6  
  81  5:16  Drone  
  82  5:24  Lair  
  82  5:25  Overlord  
  82  5:26  Overlord  
  82  5:27  Overlord  
  82  5:32  Overlord  
  82  5:37  Baneling x2, Overlord  
  80  5:45  Drone x3  
  80  5:46  Zergling x2, Drone  
  80  5:47  Zergling x2  
  86  5:52  Drone x3  
  89  5:59  Zergling x2  
  89  6:00  Zergling x6  
  92  6:07  Zergling x4  
  92  6:08  Baneling x5  
  94  6:14  Hatchery  
  94  6:15  Extractor  
  94  6:16  Extractor  
  91  6:20  Zergling x8  
  91  6:21  Zergling x10  
  91  6:23  Drone x2  
  91  6:24  Drone  
  103  6:30  Baneling x4  
  103  6:31  Zergling x4  
  104  6:34  Zergling x2, Baneling  
  104  6:35  Baneling x5  
  104  6:37  Zergling x2  
  104  6:39  Zergling x2  
  102  6:50  Zergling x12  
  97  6:56  Zergling x2  
  97  7:00  Zergling x4  
  87  7:01  Queen x2  
  87  7:02  Queen, Centrifical Hooks  
  87  7:06  Zergling x2  
  94  7:10  Zergling x2  
  94  7:13  Zergling x4  
  97  7:26  Zergling x4  
  97  7:27  Zergling x4  
  101  7:33  Zergling x4  
  101  7:36  Hatchery  
  101  7:39  Queen x2  
  101  7:40  Zergling x2  
  101  7:41  Zergling x2  
  101  7:43  Zergling x2  
  101  7:44  Zergling x6  
  101  7:53  Zergling x6  
  101  7:55  Zerg Melee Weapons Level 2, Zerg Ground Armor Level 2  
  101  8:00  Zergling x8  
  105  8:07  Baneling x4  
  105  8:08  Drone x2  
  105  8:09  Drone, Extractor  
  105  8:11  Zergling x12  
  105  8:12  Zergling x8  
  117  8:18  Baneling x2  
  115  8:31  Drone x6  
  119  8:35  Overlord x2  
  119  8:36  Infestation Pit  
  119  8:41  Overlord  
  118  8:44  Baneling  
  118  8:49  Drone x2  
  118  8:50  Zergling x10  
  118  8:51  Baneling  
  118  8:52  Baneling x8  
  125  8:56  Baneling x2  
  114  9:05  Drone x3  
  114  9:07  Spore Crawler  
  117  9:10  Zergling x12  
  117  9:11  Spore Crawler, Drone x3  
  117  9:15  Drone  
  117  9:16  Hive  
  125  9:19  Queen  
  125  9:20  Zergling x10  
  132  9:25  Drone  
  132  9:27  Zergling x10  
  138  9:34  Drone  
  138  9:35  Drone  
  138  9:36  Drone  
  140  9:41  Zergling x4  
  140  9:42  Zergling x2  
  143  9:46  Zergling x2  
  143  9:47  Zergling x4  
  144  9:53  Overseer  
  144  9:54  Overlord x2  
  144  9:56  Zergling x10  
  144  9:57  Zergling x6  
  149  10:04  Overlord x2  
  149  10:11  Baneling x6  
  149  10:15  Zergling x6  
  149  10:16  Zergling x14  
  149  10:19  Baneling  
  155  10:22  Zergling x6  
  155  10:23  Zergling x4  
  160  10:33  Baneling x11  
  149  10:36  Spore Crawler  
  142  10:44  Spore Crawler  
  142  10:46  Zergling x2  
  142  10:49  Zergling x2, Overseer  
  131  10:54  Drone  
  131  10:55  Zergling x2  
  131  10:56  Zergling x2  
  130  10:57  Zergling x8  
  130  10:59  Drone  
  130  11:00  Drone x5  
  130  11:02  Ultralisk Cavern  
  136  11:04  Zergling x2  
  136  11:05  Zergling x6  
  136  11:08  Zergling x2  
  136  11:13  Zergling x2  
  136  11:14  Zergling x16  
  135  11:22  Drone x2, Hatchery  
  135  11:24  Zergling x6  
  139  11:26  Baneling x5  
  139  11:28  Zergling x2  
  139  11:31  Baneling x2  
  140  11:33  Baneling x4  
  140  11:41  Zergling x8  
  140  11:43  Baneling x5  
  140  11:44  Baneling x2  
  144  11:50  Ultralisk  
  144  11:53  Baneling x3  
  144  11:54  Baneling x2  
  146  11:59  Zergling x6  
  146  12:00  Zergling x2  
  136  12:03  Zergling x8  
  137  12:08  Zergling x2  
  137  12:09  Zergling x4  
  137  12:10  Zergling x2  
  136  12:22  Ultralisk  
  138  12:23  Drone x3  
  138  12:25  Zergling x10, Extractor  
  138  12:27  Zergling x8  
  146  12:33  Chitinous Plating  
  146  12:37  Drone x3  
  146  12:40  Extractor x2  
  146  12:41  Zergling x10  
  152  12:50  Baneling x2  
  152  12:52  Queen x3  
  152  12:55  Zergling x4  
  160  13:00  Queen x2  
  160  13:01  Zergling x4  
  160  13:03  Baneling x2  
  160  13:04  Zergling x2  
  167  13:09  Zergling x4  
  159  13:13  Zergling x16  
  159  13:14  Zergling x2  
  159  13:15  Baneling x4  
  159  13:16  Spore Crawler  
  159  13:18  Drone  
  159  13:19  Drone x5  
  173  13:25  Zergling x4  
  175  13:28  Zergling x4  
  175  13:29  Zergling x4  
  155  13:41  Ultralisk x2  
  155  13:42  Zergling x4  
  155  13:44  Zergling x2  
  158  13:48  Zergling x2  
  158  13:49  Zergling x10  
  158  13:51  Zergling x4  
  158  13:53  Zergling x2  
  164  13:57  Baneling  
  164  13:58  Zergling x4, Baneling  
  164  13:59  Zergling x2  
  164  14:00  Adrenal Glands  
  164  14:08  Zergling x6  
  149  14:15  Zergling x4, Overseer  
  149  14:16  Drone  
  136  14:20  Zergling x2, Ultralisk  
  136  14:21  Zergling x10  
  136  14:22  Baneling  
  148  14:27  Drone x3  
  148  14:30  Baneling x7  
  148  14:31  Zergling x10  
  155  14:37  Spore Crawler, Overlord  
  156  14:38  Zergling x2  
  156  14:44  Spire  
  156  14:45  Zergling x8  
  159  14:59  Overlord x2  
  159  15:02  Drone x3  
  159  15:03  Extractor  
  161  15:07  Zergling x18  
  161  15:08  Ultralisk  
  168  15:19  Baneling x2  
  168  15:22  Baneling  
  168  15:25  Viper x2  
  168  15:27  Zergling x18  
  183  15:32  Zergling x4  
  185  15:37  Zergling x4  
  185  15:40  Zergling x4  
  189  15:44  Baneling x7  
  189  15:47  Zergling x4  
  190  15:51  Overlord x2  
  190  15:56  Corruptor x2  
  190  16:08  Corruptor x3  
  196  16:17  Corruptor x3  
  200  16:22  Baneling x7  
  200  16:24  Hatchery  
  198  16:26  Zergling x2  
  198  16:31  Baneling x3  
  195  16:38  Zergling x4  
  195  16:39  Zergling x6  
  177  16:50  Corruptor x2  
  177  16:51  Zergling x4  
  177  16:52  Zergling x22  
  176  17:01  Zergling x4, Ultralisk  
  155  17:02  Zergling x2  
  131  17:10  Ultralisk  
  131  17:11  Zergling x6  
  131  17:12  Zergling x2  
  131  17:13  Overseer x2  
  131  17:15  Zergling x2  
  117  17:22  Zergling x2  
  113  17:34  Zergling x16  
  113  17:35  Baneling  
  113  17:36  Baneling x6  
  110  17:37  Ultralisk  
  110  17:38  Zergling x4  
  110  17:40  Zergling x4  
  110  17:43  Baneling x4  
  118  17:46  Zergling x6  
  118  17:47  Zergling x2  
  118  17:51  Corruptor  
  122  17:52  Zergling x4  
  122  17:53  Zergling x2  
  122  17:54  Zergling x2  
  122  17:56  Zergling x4  
  122  17:57  Zergling x2  
  131  17:59  Corruptor  
  131  18:09  Zergling x2  
  131  18:11  Zergling x20  
  130  18:17  Zergling x6  
  130  18:19  Zergling x2  
  132  18:24  Corruptor x2  
  132  18:25  Zergling x2, Overseer  
  132  18:26  Zergling x4  
  136  18:28  Zergling x2  
  136  18:29  Baneling  
  136  18:30  Baneling x2  
  136  18:32  Zergling x6  
  136  18:33  Zergling x2  
  141  18:34  Zergling x2, Baneling x2  
  141  18:35  Zergling x2  
  141  18:40  Zergling x6  
  146  18:46  Corruptor  
  146  18:47  Zergling x4  
  146  18:48  Zergling x2, Baneling x4  
  148  18:50  Zergling x4  
  151  18:58  Zergling x4  
  153  19:04  Zergling x4  
  153  19:05  Corruptor  
  153  19:07  Corruptor  
  153  19:08  Corruptor  
  161  19:12  Zergling x8, Baneling  
  161  19:13  Baneling x2  
  161  19:14  Zergling x6  
  168  19:19  Corruptor  
  149  19:33  Zergling x22  
  149  19:34  Zergling x8  
  149  19:35  Zergling x2  
  145  19:39  Corruptor  
  145  19:43  Zergling x4  
  122  19:47  Ultralisk  
  122  19:48  Baneling x2  
  122  19:52  Zergling x2  
  127  20:01  Ultralisk  
  127  20:02  Baneling x5  
  127  20:03  Baneling x2  
  127  20:04  Baneling  
  133  20:08  Viper  
  136  20:16  Zergling x6  
  139  20:22  Ultralisk  
  139  20:24  Zergling x16  
  152  20:32  Zergling x2  
  152  20:33  Zergling x10  
  152  20:34  Overseer  
  152  20:35  Overseer  
  158  20:39  Zergling x14  
  163  20:48  Zergling x2  
  163  20:49  Zergling x10  
  165  20:57  Zergling x2  
  165  20:58  Zergling x14  
  162  21:13  Zergling x4  
  162  21:15  Baneling x5  
  162  21:16  Hatchery  
  162  21:17  Zergling x2  
  160  21:21  Zergling x2  
  122  21:34  Zergling x4  
  122  21:35  Zergling x10  
  122  21:38  Zergling x2  
  122  21:39  Zergling x2  
  122  21:40  Baneling  
  122  21:43  Zergling x8  
  126  21:55  Zergling x4  
  126  21:58  Zergling x4  
  126  22:00  Zergling x2  
  128  22:03  Ultralisk  
  129  22:08  Zergling x4  
  129  22:10  Zergling x2  
  121  22:17  Zergling x6  
  122  22:24  Zergling x4  
  122  22:25  Zergling x2  
  122  22:28  Overseer  
  96  22:40  Zergling x2  
Spawning Tool Build Advisor. Get it on Overwolf

Analysis

(Pool F,ling,bane,ultraetc)G5

Go to:

Details

  • Created by: DarkHeartz
  • Published on: Nov 15, 2016
  • Modified on: Nov 15, 2016
  • Patch: Pre-3.8.0
Show
View Real Time Build Order
Export as new Build Order

Comments (0)

There are no comments. Be the first!

Create an account to comment!